[Event "*** Titled Tuesday 3|2 Blitz"]
[Site "Chess.com"]
[Date "2016.07.05"]
[Round "1"]
[White "proxy6"]
[Black "chesskingdreamer"]
[Result "1-0"]
[WhiteElo "1912"]
[BlackElo "2332"]
[TimeControl "180+2"]
[EndTime "17:08:53 PDT"]
[Termination "proxy6 won by resignation"]

1. e4 c5 2. Nf3 d6 3. d4 cxd4 4.
Nxd4 Nf6 5. Nc3 a6 6. Be3 g6 7. f3 Bg7 8. Qd2 h5 9. O-O-O b5 10. Bd3 Bb7 11. h3 Nbd7 12. g4 Nc5 13. Kb1 Rc8 14.
Nce2 Nfd7 15. gxh5 Rxh5 16. Ng3 Rh8 17. h4 Nf6 18. h5 Nxh5 19. Nxh5 Rxh5 20. Rxh5 gxh5 21. Nf5 Bf6 22. Rh1 d5 23. Rxh5 dxe4 24. fxe4 Bxe4 25.
Bxc5 Rxc5 26. Ng7+ Bxg7 27. Rxc5 Qd4 28. Rc3 b4 29.
Rb3 Bxd3 30. cxd3 a5 31. a3 Qd5 32. Qc2 f5 33. axb4 a4 34. Ra3 Qh1+ 35. Ka2 Qd5+ 36. Qc4 Qxc4+ 37. dxc4 f4 38. Rxa4 f3 39. Ra3 f2 40.
Rf3 Bd4 41. Kb3 e5 42. Kc2 e4 43. Rf4 Kd7 44. Kd1 Kd6 45. Ke2 Ke5 46. Rf8 Bxb2 47.
b5 Bd4 48. Re8+ Kf5 49. Rc8 Ke5 50. c5 Kd5 51. c6 Bb6 52. Rb8 Kc5 53. Rxb6 Kxb6 54.
Kxf2 1-0

[Event "*** Titled Tuesday 3|2 Blitz"]
[Site "Chess.com"]
[Date "2016.07.05"]
[Round "1"]
[White "ChrisTool2"]
[Black "Evgeny_Levin"]
[Result "0-1"]
[WhiteElo "2309"]
[BlackElo "2680"]
[TimeControl "180+2"]
[EndTime "17:09:14 PDT"]
[Termination "Evgeny_Levin won by resignation"]

1. d4 Nf6 2. c4 e6 3. Nf3 b6 4. g3 Bb7 5. Bg2 Be7 6. O-O O-O 7. Nc3 Ne4 8. Qc2 Nxc3 9. Qxc3 c5 10. dxc5 bxc5 11.
Rd1 d6 12. Bf4 Qb6 13. Qb3 Rd8 14. Rd2 Nc6 15. Rad1 e5 16. Bg5 f6 17. Be3 Qxb3 18.
axb3 Na5 19. Nh4 Bxg2 20. Kxg2 g6 21. Rd3 Rdb8 22. Ra1 Nxb3 23. Ra6 Rb7 24. f4 Nd4 25. Bxd4 cxd4 26. Rda3 d5 27. R3a4 dxc4 28. Rxc4 Rxb2 29.
Rc7 Re8 30. Raxa7 Kf8 31. Kf1 exf4 32. gxf4 d3 33. exd3 Rxh2 34. Nf3 Rb2 35. Nd4 Rb6 36.
f5 gxf5 37. Nxf5 Re6 38. d4 h5 39. d5 Re5 40. Nxe7 R8xe7 41. d6 Re1+ 42. Kf2 R7e2+ 43. Kf3 Re3+ 44. Kf4 Re8 45. Rf7+ Kg8 46. Rg7+ Kh8 47. Rh7+ Kg8 48. Rhg7+ Kh8 49. Rh7+ Kg8 50. Rhg7+ Kh8 51. Rh7+ Kg8 52. Rxh5 Rf1+ 53. Kg3 Rg1+ 54. Kf2 Rg7 55. Rf5 Rxa7 0-1

[Event "*** Titled Tuesday 3|2 Blitz"]
[Site "Chess.com"]
[Date "2016.07.05"]
[Round "1"]
[White "Cayse"]
[Black "Newlight1"]
[Result "1-0"]
[WhiteElo "2581"]
[BlackElo "2254"]
[TimeControl "180+2"]
[EndTime "17:09:20 PDT"]
[Termination "Cayse won by resignation"]

1. e4 c5 2. Nf3 d6 3. Bb5+ Bd7 4. Bxd7+ Qxd7 5. c4 Nf6 6. Nc3 Nc6 7. d4 cxd4 8.
Nxd4 g6 9. f3 Bg7 10. Be3 O-O 11. O-O Rac8 12. b3 a6 13. a4 Rfd8 14. Qd2 e6 15. Rad1 d5 16. cxd5 exd5 17. Nxc6 bxc6 18.
e5 Ne8 19. f4 Rb8 20. Ne4 Qf5 21. Ng3 Qd7 22. Qc2 Nc7 23. Kh1 Qe6 24. Bc5 d4 25. Bd6 Rxd6 26. exd6 Qxd6 27. Ne4 Qd5 28. Nd2 Ne6 29.
Rc1 Rb6 30. f5 Ng5 31. h4 Nh3 32. Rf3 d3 33. Qc4 Bh6 34. Qxd5 cxd5 35. Rc8+ Kg7 36. Rxh3 Bxd2 37. Rxd3 Bf4 38. g3 Be5 39. Rc5 gxf5 40. Rcxd5 Kf6 41. Kg2 Rc6 42. Re3 Re6 43. b4 f4 44. gxf4 Bxf4 45. Rxe6+ fxe6 46. Rd7 h5 47. Kf3 Be5 48. b5 axb5 49. axb5 Bh2 50. b6 e5 51. b7 Ke6 52. Rd8 Ke7 53. b8=Q e4+ 54. Kxe4 Bxb8 55. Rxb8 Kf6 56. Rb5 Kg6 57. Kf4 Kh6 58. Rb6+ Kh7 59.
Kg5 Kg7 60. Rb7+ Kg8 61. Kf6 Kh8 62. Kg6 1-0

[Event "*** Titled Tuesday 3|2 Blitz"]
[Site "Chess.com"]
[Date "2016.07.05"]
[Round "1"]
[White "metalbattler"]
[Black "GianmarcoVaR"]
[Result "0-1"]
[WhiteElo "1974"]
[BlackElo "2390"]
[TimeControl "180+2"]
[EndTime "17:09:21 PDT"]
[Termination "GianmarcoVaR won by checkmate"]

1. e4 c5 2. Nc3 d6 3. f4 a6 4. Nf3 b5 5. d3 Bb7 6. g3 Nf6 7. Bg2 e6 8. O-O Be7 9. h3 Nc6 10. g4 Nd4 11. Be3 Nxf3+ 12. Bxf3 Rc8 13. Ne2 O-O 14. Ng3 Qc7 15. g5 Nd7 16. Bg2 d5 17. e5 d4 18. Bd2 Bxg2 19. Kxg2 c4 20. Rc1 c3 21. bxc3 dxc3 22. Be3 Bc5 23. d4 Ba3 24. Rb1 Qc4 25. Rb3 b4 26. Qh5 a5 27. Rf2 Nb6 28. Ne4 Nd5 29. Nf6+ gxf6 30. gxf6 Kh8 31. Kf3 Nxe3 32. Kxe3 Bc1+ 33. Kf3 Qd5+ 34.
Ke2 Qe4+ 35. Kf1 Be3 36. Qe2 Qh1# 0-1

[Event "*** Titled Tuesday 3|2 Blitz"]
[Site "Chess.com"]
[Date "2016.07.05"]
[Round "1"]
[White "macko06"]
[Black "Indianlad"]
[Result "0-1"]
[WhiteElo "2247"]
[BlackElo "2577"]
[TimeControl "180+2"]
[EndTime "17:09:31 PDT"]
[Termination "Indianlad won by checkmate"]

1. d4 Nf6 2. Nf3 g6 3. c4 Bg7 4. Nc3 O-O 5. e4 d6 6. Be2 e5 7.
Be3 Ng4 8. Bg5 f6 9. Bh4 Nc6 10. d5 Ne7 11. O-O h5 12. h3 Nh6 13. Nd2 f5 14. b4 f4 15. c5 Nf7 16. f3 g5 17.
Bf2 Nh6 18. Nc4 Ng6 19. cxd6 cxd6 20. Nb5 g4 21. Ncxd6 g3 22. Be1 Bd7 23. a4 a6 24.
Nxb7 Qb6+ 25. Nc5 axb5 26. a5 Qa7 27. Kh1 Nh4 28. d6 Bxh3 29. gxh3 g2+ 30. Kh2 gxf1=N+ 31. Bxf1 Ng6 32. Bxb5 Kh8 33. d7 Nf7 34. Qd5 Ng5 35.
Kg2 Bf6 36. Bc6 Rab8 37. b5 Ne7 38. Qd6 Nxc6 39. Qxc6 Be7 40. b6 Qa8 41. Qh6+ Nh7 42. Bc3 Rg8+ 43. Kf1 Bf6 44. Ne6 Qa6+ 45. Ke1 Qd3 46.
d8=Q Rbxd8 47. Nxd8 Rg1+ 48. Kf2 Qe3# 0-1

[Event "*** Titled Tuesday 3|2 Blitz"]
[Site "Chess.com"]
[Date "2016.07.05"]
[Round "1"]
[White "MinhGTrAn"]
[Black "ruifeng"]
[Result "1-0"]
[WhiteElo "2688"]
[BlackElo "2318"]
[TimeControl "180+2"]
[EndTime "17:09:57 PDT"]
[Termination "MinhGTrAn won by resignation"]

1. d4 g6 2. e4 Bg7 3. Nc3 a6 4. a4 d6 5. Nf3 Nf6 6. Bd3 O-O 7. O-O Nc6 8. h3 e5 9. Be3 b6 10. Bc4 Bb7 11. dxe5 Nxe5 12. Nxe5 dxe5 13. f3 Kh8 14. Qxd8 Raxd8 15. Rfd1 Kg8 16. Bb3 Rfe8 17. Kf2 h6 18. Rd3 Rxd3 19. cxd3 Rd8 20. Ke2 Bf8 21. Rc1 Kg7 22.
f4 Bd6 23. g3 Nd7 24. Nd5 Bxd5 25. Bxd5 a5 26. d4 f6 27. Rf1 exd4 28. Bxd4 Bc5 29. Bc3 Bb4 30. Bxb4 axb4 31. Rc1 Nc5 32. a5 Rd6 33.
Rc4 Na6 34. axb6 Rxb6 35. Ke3 Kf8 36. Kd4 c5+ 37. Ke3 Ke7 38. e5 Rb8 39. Rc1 Rb6 40. Ke4 Rb8 41. b3 Rb6 42. g4 Rb8 43. Rc2 Rb6 44. Rc1 Rb8 45. f5 gxf5+ 46. gxf5 fxe5 47. Kxe5 Re8 48. Be6 Nc7 49. Rxc5 Nxe6 50. fxe6 Rg8 51. Rc7+ Kd8 52. Kd6 Rg6 53. Ra7 Kc8 54. Ra8+ Kb7 55. Rh8 Rg3 56. e7 Rd3+ 57. Kc5 1-0

[Event "*** Titled Tuesday 3|2 Blitz"]
[Site "Chess.com"]
[Date "2016.07.05"]
[Round "1"]
[White "dawtonlms"]
[Black "MaestroASK"]
[Result "0-1"]
[WhiteElo "2148"]
[BlackElo "2471"]
[TimeControl "180+2"]
[EndTime "17:10:05 PDT"]
[Termination "MaestroASK won by checkmate"]

1. e4 d6 2. d4 g6 3. Nc3 c6 4.
Be3 e5 5. Nf3 Bg7 6. Qd2 Nd7 7.
Be2 Qe7 8. O-O Ngf6 9. dxe5 dxe5 10. Rad1 O-O 11. Rfe1 Nc5 12. Bg5 Re8 13. h3 Ne6 14. Be3 Nh5 15. Bf1 Rd8 16. Qc1 Nd4 17. Ne2 Nxf3+ 18.
gxf3 Be6 19. Ng3 Nf4 20. Bxf4 exf4 21. Qxf4 Bxb2 22. e5 Rxd1 23. Rxd1 Qc5 24. Re1 Rd8 25. Qg5 Qa5 26. Nh5 Bf5 27. Nf6+ Kg7 28. Nh5+ Kf8 29.
Qh6+ Ke8 30. Nf6+ Ke7 31. Rb1 Qxa2 32. Re1 Bxe5 33. Ng4 Bxg4 34. Rxe5+ Kd6 35. fxg4 Kxe5 36. Qg5+ f5 37. Qxd8 Qxc2 38. Qe7+ Kd5 39. Qxb7 fxg4 40. hxg4 h5 41. Qf7+ Kc5 42. gxh5 gxh5 43. Qxh5+ Kb6 44. f4 a5 45. Qe5 a4 46. Qd4+ Qc5 47. Qxc5+ Kxc5 48. Bd3 Kd4 49. Bb1 c5 50. Kf2 c4 51. Ke2 a3 52. f5 c3 53. Kd1 Ke5 54. Kc2 Kxf5 55. Kxc3+ Ke5 56. Kb3 a2 57. Ka3 axb1=Q 58. Ka4 Kd5 59.
Ka5 Kc5 60. Ka4 Qb4# 0-1

[Event "*** Titled Tuesday 3|2 Blitz"]
[Site "Chess.com"]
[Date "2016.07.05"]
[Round "1"]
[White "Astaneh"]
[Black "AungTZ"]
[Result "0-1"]
[WhiteElo "2451"]
[BlackElo "2136"]
[TimeControl "180+2"]
[EndTime "17:10:31 PDT"]
[Termination "AungTZ won by resignation"]

1. e4 c5 2. Nc3 a6 3. a4 Nc6 4. Nf3 e6 5. Bc4 Nf6 6. O-O Be7 7. e5 Ng4 8. Re1 Qc7 9. Qe2 d6 10. exd6 Bxd6 11. h3 Nge5 12. Nxe5 Nxe5 13. Ne4 Nxc4 14.
Qxc4 O-O 15. Nxd6 Qxd6 16. d3 b5 17. Qf4 Qc6 18. axb5 axb5 19. Rxa8 Qxa8 20. Be3 Qc6 21. Qg3 Kh8 22. Ra1 Bb7 23. Ra7 h6 24. c3 Kh7 25.
Bxc5 Re8 26. b4 e5 27. f3 Re6 28. Qg4 Rg6 29. Qe4 Qxe4 30. dxe4 Bc8 31. Rxf7 Bxh3 32. g4 h5 33. Kh2 hxg4 34. Kg3 Bf1 35. fxg4 Be2 36. Kf2 Bc4 37. Rf5 Rxg4 38. Rxe5 Bd3 39. Ke3 Bc4 40. Bd4 Rg6 41. Re7 Kh6 42. Kf4 Rg2 43. Kf5 Bd3 44. Be3+ Kh5 45. Re8 Kh4 46. Bf4 g6+ 47. Ke5 Kg4 48. Be3 Kf3 49. Kd4 Bc4 50.
Rf8+ Ke2 51. e5 g5 52. Rg8 Rg4+ 53. Kc5 Kxe3 54. e6 Re4 55. Rxg5 Rxe6 56. Rg3+ Kf4 57. Rh3 Re5+ 58. Kd4 Rg5 59. Rh4+ Rg4 60. Rh6 Kf3+ 61. Kc5 Ke2 62. Rh3 Kd2 63. Rf3 Kc2 64. Re3 Bd3 65. Rh3 Kxc3 66. Rf3 Rc4+ 67. Kd5 Rxb4 68. Kc5 Rb1 69.
Rg3 b4 0-1

[Event "*** Titled Tuesday 3|2 Blitz"]
[Site "Chess.com"]
[Date "2016.07.05"]
[Round "1"]
[White "AlexanderL"]
[Black "IamSchrodingersCat"]
[Result "1-0"]
[WhiteElo "2541"]
[BlackElo "2224"]
[TimeControl "180+2"]
[EndTime "17:10:36 PDT"]
[Termination "AlexanderL won by resignation"]

1. d4 Nf6 2. c4 e5 3. dxe5 Ng4 4. Bf4 g5 5. Bg3 Bg7 6. Nf3 Nc6 7. h4 Ngxe5 8. Nxe5 Nxe5 9. hxg5 Nxc4 10. Nc3 c6 11. Rc1 d5 12. e4 Be6 13. exd5 cxd5 14. Bxc4 dxc4 15. Qa4+ Qd7 16. Qa3 Qe7 17. Bd6 Qxg5 18. O-O f5 19. Nb5 Kf7 20. Nc7 Rae8 21. Nxe6 Rxe6 22.
Rxc4 Bf6 23. Bf4 Qg4 24. Qb3 Rhe8 25. Be5 Qg5 26. Rc7+ Kg6 27. f4 Qg4 28. Rf3 Bxe5 29. Rg3 Bd4+ 30. Kh2 h5 31. Qd5 Bb6 32. Rxb7 Kf6 33.
Rxg4 hxg4 34. Rxb6 axb6 35. Qd4+ Kg6 36. Kg3 R8e7 37.
Qb4 Re3+ 38. Kf2 Re2+ 39. Kf1 R2e6 40. g3 Re8 41. Qc3 Re4 42. a4 R8e6 43. a5 bxa5 44. Qxa5 Re3 45. Qb5 Re1+ 46. Kf2 R1e4 47. Qd3 Rc6 48.
b4 Ree6 49. b5 Rcd6 50. Qc3 Rf6 51. Qe5 Rfe6 52. Qh8 Rb6 53. Qg8+ Kf6 54. Qg5+ Kf7 55. Qxf5+ Ke7 56. Qxg4 Rxb5 57. Qg7+ Kd6 58. Qd4+ Rd5 59. Qb4+ Kd7 60. Qb7+ Kd6 61. Qb8+ Kd7 62. Qa7+ Kd6 63. Qa3+ Kd7 64. Qc3 Red6 65. Qg7+ Ke8 66. Kf3 Rd3+ 67.
Ke4 Rd1 68. g4 R1d4+ 69. Qxd4 1-0

[Event "*** Titled Tuesday 3|2 Blitz"]
[Site "Chess.com"]
[Date "2016.07.05"]
[Round "1"]
[White "underdogchss"]
[Black "akinov-akinseye"]
[Result "1-0"]
[WhiteElo "2354"]
[BlackElo "1880"]
[TimeControl "180+2"]
[EndTime "17:11:03 PDT"]
[Termination "underdogchss won by resignation"]

1. d4 d5 2. Nf3 e6 3. c4 Nf6 4. Nc3 Be7 5. Bg5 O-O 6. e3 h6 7. Bh4 a6 8. Bd3 dxc4 9. Bxc4 b5 10. Bd3 Nbd7 11. Ne4 Bb7 12. Nxf6+ Bxf6 13. Bxf6 Qxf6 14.
O-O c5 15. Qe2 Bxf3 16. Qxf3 Qxf3 17. gxf3 cxd4 18. Rac1 Ne5 19. Be4 Rac8 20. exd4 Nc4 21. Bb7 Rc7 22. Bxa6 Ra7 23. Bxb5 Nd6 24. a4 Nxb5 25.
axb5 Rb8 26. Rc5 Ra5 27. b4 Raxb5 28. Rxb5 Rxb5 29. Rb1 Kf8 30. Kf1 Ke7 31. Ke2 Kd6 32.
Kd3 Kc7 33. Kc4 Rf5 34. Rb3 Rh5 35. Ra3 Kb7 36. f4 Rxh2 37. Rg3 g6 38. Rf3 Rh5 39. Ra3 Kb6 40. Ra8 Rf5 41. Rb8+ Kc7 42. Rh8 h5 43. Rf8 Rxf4 44. Ra8 h4 45. Rh8 g5 46. Rh5 f6 47. Kb5 Rxd4 48. Rh7+ Kd6 49. Ka5 e5 50. b5 Rd2 51. Rh8 Rxf2 52. b6 Ra2+ 53. Kb5 Ke6 54. b7 Kf5 55. b8=Q Rb2+ 56. Kc4 Rxb8 57.
Rxb8 g4 58. Kd3 h3 59. Ke3 h2 60. Rh8 g3 61. Kf3 e4+ 62. Kxg3 e3 63. Kf3 e2 64. Kxe2 Kg4 65. Rxh2 1-0

[Event "*** Titled Tuesday 3|2 Blitz"]
[Site "Chess.com"]
[Date "2016.07.05"]
[Round "1"]
[White "Danhy"]
[Black "RobertoJBM"]
[Result "1/2-1/2"]
[WhiteElo "2396"]
[BlackElo "2122"]
[TimeControl "180+2"]
[EndTime "17:11:40 PDT"]
[Termination "Game drawn by repetition"]

1. c4 c6 2. g3 d5 3. Nf3 Nf6 4. Bg2 Bf5 5. cxd5 cxd5 6. Qb3 Qb6 7. Qxb6 axb6 8. Nc3 e6 9. d3 Be7 10. O-O h6 11. Nd4 Bg6 12. e4 Nc6 13. Ndb5 O-O-O 14. exd5 Nxd5 15. Nxd5 exd5 16. Rd1 Bf5 17. Be3 d4 18. Bxc6 dxe3 19. Be4 exf2+ 20. Kxf2 Bc5+ 21. Kf3 Bxe4+ 22. dxe4 Rd7 23. Rac1 Rxd1 24. Rxd1 Re8 25. a3 Re6 26. b4 Be7 27. Rd5 g6 28. h4 h5 29. e5 f6 30. exf6 Rxf6+ 31. Ke4 Rf2 32. Rd3 Rf5 33. Nd4 Rf1 34. Rc3+ Kd7 35. Ne2 Bd6 36. Rd3 Re1 37. Kf3 Rf1+ 38. Kg2 Rf8 39. Nf4 Rg8 40. Nd5 Kc6 41. Nxb6 Bxb4 42. axb4 Kxb6 43. Rd5 Kc6 44. Rg5 Kd6 45. Kf3 Ke6 46. Ke4 Rg7 47. Kd4 Kd6 48. Kc4 Kc6 49. b5+ Kd6 50. Kd4 Rg8 51. Ke4 Ke6 52.
Rc5 Kd6 53. Rg5 Ke6 54. Kd4 Kd6 55. Kc4 b6 56. Kd4 Rg7 57. Rd5+ Ke6 58. Rd8 Ra7 59.
Rb8 Rd7+ 60. Ke4 Rd6 61. Kf4 Kd5 62. Rc8 Kd4 63. Kg5 Rd5+ 64. Kxg6 Rxb5 65. Rh8 Rb3 66. Rxh5 Rxg3+ 67. Rg5 Rh3 68. h5 Kc4 69. h6 b5 70.
h7 Rxh7 71. Kxh7 b4 72. Rg4+ Kc3 73. Rg3+ Kc2 74. Rg2+ Kc3 75. Rg3+ Kc2 76. Rg8 b3 77. Rc8+ Kd2 78. Rb8 Kc2 79. Kg6 b2 80. Rc8+ Kd2 81. Rb8 Kc2 82. Rc8+ Kd2 83. Rd8+ Kc3 84. Rb8 Kc2 85. Rc8+ Kd2 86. Rb8 Kc2 87. Rc8+ Kd2 88.
Rb8 Kc2 1/2-1/2

[Event "*** Titled Tuesday 3|2 Blitz"]
[Site "Chess.com"]
[Date "2016.07.05"]
[Round "1"]
[White "Semetey"]
[Black "Ksenia_Legenko"]
[Result "1-0"]
[WhiteElo "2449"]
[BlackElo "2078"]
[TimeControl "180+2"]
[EndTime "17:13:40 PDT"]
[Termination "Semetey won by resignation"]

1. d4 d5 2. Bf4 e6 3. e3 Nf6 4. Nd2 c5 5. c3 Nc6 6. Ngf3 Bd6 7. Bg3 b6 8. Bb5 Bb7 9. Qa4 Qc7 10. Ne5 Rc8 11.
Qxa7 O-O 12. Nxc6 Bxg3 13. Qa4 Ra8 14. Qc2 Bxf2+ 15. Kxf2 Bxc6 16. Be2 e5 17. h3 exd4 18. exd4 Rae8 19. Rhf1 Ne4+ 20. Nxe4 dxe4 21. Kg1 cxd4 22. cxd4 Qd6 23. Rad1 Qd5 24. a3 Kh8 25. Bc4 Qd7 26. d5 Bb5 27. Bxb5 Qxb5 28. d6 f5 29. d7 Rd8 30. Qc7 Qc5+ 31. Qxc5 bxc5 32. g3 g6 33. Rd5 Rf7 34. Rfd1 c4 35. a4 Kg7 36. a5 Kf6 37. a6 Rff8 38. a7 Ke7 39. Re5+ Kf7 40. Rc5 Ke7 41. Re5+ Kf7 42. Kf2 Kf6 43. Ra5 Ke7 44.
Ke3 Ra8 45. Re5+ Kf6 46. Rc5 Rfd8 47. Rc7 Ke6 48. Rd4 Ke7 49. Kd2 Ke6 50. Kc3 g5 51. Kxc4 Ke5 52. Rd5+ Ke6 53. Rc6+ Ke7 54. Rc7 Ke6 55. Rd1 f4 56. gxf4 gxf4 57. Rc6+ Ke7 58.
Rd4 e3 59. Rc5 Rxd7 60. Re5+ Kd8 61. Rxf4 Raxa7 62. Rf8+ Kc7 63. Rxe3 Ra4+ 64. Kb5 Rad4 65. b4 Kb7 66. Rf6 R4d5+ 67. Ka4 Rd1 68. Re5 Ra1+ 69.
Kb5 Rh1 70. Rh6 Rf7 71. Reh5 Rc7 72. Rxh7 Rc1 73. h4 Rd1 74. Rxc7+ Kxc7 75. Rh7+ Kc8 76. h5 Rd6 77. Kc5 Rf6 78. b5 Kb8 79. Kb4 Rf4+ 80. Ka5 Rf6 81. Rg7 Rh6 82. Rg8+ Kb7 83. Rg7+ Kb8 84. Rg5 Rf6 85. Rg6 Rf5 86. h6 Rh5 87. Ka6 Rh1 88. Rg8+ Kc7 89. b6+ Kc6 90. Rg6+ Kd7 91.
b7 Ra1+ 92. Kb6 Rb1+ 93. Ka7 Ra1+ 94. Ra6 1-0

[Event "*** Titled Tuesday 3|2 Blitz"]
[Site "Chess.com"]
[Date "2016.07.05"]
[Round "2"]
[White "Quiet_Desperation"]
[Black "dawtonlms"]
[Result "0-1"]
[WhiteElo "2160"]
[BlackElo "2157"]
[TimeControl "180+2"]
[EndTime "17:17:21 PDT"]
[Termination "dawtonlms won by resignation"]

1. e4 c5 2. Nf3 e6 3. d4 cxd4 4. Nxd4 a6 5. Nc3 Qc7 6. Nb3 Nf6 7. Bd3 Nc6 8. Be3 d6 9. O-O Be7 10. f4 O-O 11. g4 b5 12. a3 Bb7 13. g5 Nd7 14. Qh5 g6 15. Qh6 f5 16. exf5 exf5 17. Nd4 Nxd4 18. Bxd4 Rf7 19. Bxf5 Bf8 20. Be6 Bxh6 21.
gxh6 Re8 22. Bb3 Nc5 23. Bxf7+ Kxf7 24. f5 Qc6 25. fxg6+ Kxg6 26. Rf6+ Kg5 0-1

[Event "*** Titled Tuesday 3|2 Blitz"]
[Site "Chess.com"]
[Date "2016.07.05"]
[Round "2"]
[White "simplerXiao"]
[Black "Newlight1"]
[Result "0-1"]
[WhiteElo "2314"]
[BlackElo "2264"]
[TimeControl "180+2"]
[EndTime "17:17:42 PDT"]
[Termination "Newlight1 won by resignation"]

1. Nc3 d5 2. d4 Nf6 3. Bf4 c5 4. e3 Nc6 5. Nb5 e5 6. dxe5 a6 7. exf6 axb5 8. fxg7 Bxg7 9. c3 b4 10. cxb4 Bxb2 11. Bb5 Bc3+ 12. Kf1 Qb6 13. Bxc6+ bxc6 14. bxc5 Ba6+ 15. Ne2 Qb2 16. g4 Qxa1 0-1

[Event "*** Titled Tuesday 3|2 Blitz"]
[Site "Chess.com"]
[Date "2016.07.05"]
[Round "2"]
[White "Zenzo"]
[Black "Alliswell998"]
[Result "1-0"]
[WhiteElo "2370"]
[BlackElo "2176"]
[TimeControl "180+2"]
[EndTime "17:18:18 PDT"]
[Termination "Zenzo won by resignation"]

1. e4 c5 2. Nf3 d6 3. d4 cxd4 4.
Nxd4 Nf6 5. Nc3 a6 6. Be3 e5 7.
Nb3 Be7 8. Qd2 Be6 9. O-O-O Ng4 10. g3 Nxe3 11. Qxe3 O-O 12. f4 Nc6 13. Kb1 exf4 14. gxf4 Nb4 15. Nd4 Qb6 16. f5 Bd7 17. Rg1 Bf6 18.
a3 Nc6 19. Nd5 Qxd4 20. Rxd4 Bxd4 21. Qg5 Bxg1 22. f6 1-0

[Event "*** Titled Tuesday 3|2 Blitz"]
[Site "Chess.com"]
[Date "2016.07.05"]
[Round "2"]
[White "MFBerna"]
[Black "asms9699"]
[Result "1-0"]
[WhiteElo "2265"]
[BlackElo "2338"]
[TimeControl "180+2"]
[EndTime "17:18:58 PDT"]
[Termination "MFBerna won by resignation"]

1. e4 e6 2. d4 d5 3. Nd2 c5 4. exd5 Qxd5 5. Ngf3 cxd4 6. Bc4 Qd6 7. Nb3 Nf6 8. Nbxd4 Qb4+ 9. Nd2 Ne4 10. c3 Qc5 11.
Bb5+ Bd7 12. Nxe4 Qe5 13. Qe2 Nc6 14. Nxc6 bxc6 15. Bd3 Be7 16. O-O O-O 17. Be3 Qa5 18.
Qf3 e5 19. Ng3 g6 20. Bh6 Rfd8 21. Bc4 Be8 22. Nf5 Bf6 23. Ne3 Be7 24. Rad1 Qc5 25. Bb3 a5 26. Ng4 Rd6 27. Be3 Qb5 28. Rxd6 Bxd6 29.
Nf6+ Kh8 30. Nxe8 Rxe8 31. Qf6+ 1-0

[Event "*** Titled Tuesday 3|2 Blitz"]
[Site "Chess.com"]
[Date "2016.07.05"]
[Round "2"]
[White "Sanan_Sjugirov"]
[Black "Semetey"]
[Result "1-0"]
[WhiteElo "2663"]
[BlackElo "2445"]
[TimeControl "180+2"]
[EndTime "17:19:32 PDT"]
[Termination "Sanan_Sjugirov won by resignation"]

1. d4 g6 2. Nf3 Bg7 3. Bg5 c5 4. e3 Nf6 5. Nbd2 d6 6. c3 O-O 7. Bc4 b6 8. Bxf6 exf6 9. Bd5 Be6 10. Bxa8 d5 11. c4 dxc4 12. O-O f5 13. Rc1 b5 14.
b3 cxd4 15. Nxd4 Bxd4 16. exd4 Qxd4 17. bxc4 bxc4 18. Nxc4 Qf6 19. Bf3 g5 20. Re1 g4 21. Be2 Nd7 22. Qd2 h5 23. Qf4 Ra8 24.
Bf1 Nf8 25. Ne5 Bxa2 26. Rc6 Be6 27. Bc4 a5 28. h3 gxh3 29. gxh3 a4 30. Kh2 a3 31.
Rg1+ Kh8 32. Bxe6 Nxe6 33. Nxf7+ Kh7 34. Rxe6 Qxe6 35. Ng5+ 1-0

[Event "*** Titled Tuesday 3|2 Blitz"]
[Site "Chess.com"]
[Date "2016.07.05"]
[Round "2"]
[White "JusticeBot"]
[Black "wonderfultime"]
[Result "1-0"]
[WhiteElo "2560"]
[BlackElo "2657"]
[TimeControl "180+2"]
[EndTime "17:19:46 PDT"]
[Termination "JusticeBot won by resignation"]

1. e4 c5 2. c3 Nf6 3. e5 Nd5 4. d4 cxd4 5. Nf3 Nb6 6. cxd4 e6 7. Nc3 d6 8. Bd3 Be7 9. O-O Nc6 10. Qe2 Nb4 11. Bb1 dxe5 12. dxe5 N4d5 13. Rd1 Bd7 14. Ne4 O-O 15. Bg5 Bc6 16. Nf6+ gxf6 17. exf6 Bxf6 18. Qe4 Re8 19. Bh6 Bg7 20. Qxh7+ Kf8 21. Qxg7+ Ke7 22. Bg5+ 1-0

[Event "*** Titled Tuesday 3|2 Blitz"]
[Site "Chess.com"]
[Date "2016.07.05"]
[Round "2"]
[White "ZapataCharlesS"]
[Black "EltajSafarli"]
[Result "0-1"]
[WhiteElo "2473"]
[BlackElo "2797"]
[TimeControl "180+2"]
[EndTime "17:19:54 PDT"]
[Termination "EltajSafarli won by resignation"]

1. e4 d5 2. exd5 Qxd5 3. Nc3 Qa5 4. Nf3 Nf6 5. Bc4 Nc6 6. O-O Bg4 7. h3 h5 8. d3 O-O-O 9. Bf4 Qf5 10. Be3 e6 11.
Qe2 Ne5 12. hxg4 hxg4 13. Ng5 Bd6 14. Rfe1 Nxc4 15. dxc4 Bh2+ 16. Kf1 Bf4 17. g3 Bxg5 18. Bxg5 Qxg5 19. Red1 Rh1+ 20. Kg2 Rh2+ 21. Kf1 Rdh8 22. Qd3 Qe5 23. Ne2 Qe4 24. Qxe4 Nxe4 25. Rd4 Rxf2+ 0-1

[Event "*** Titled Tuesday 3|2 Blitz"]
[Site "Chess.com"]
[Date "2016.07.05"]
[Round "2"]
[White "jefferyx"]
[Black "Izoria123"]
[Result "0-1"]
[WhiteElo "2575"]
[BlackElo "2599"]
[TimeControl "180+2"]
[EndTime "17:20:19 PDT"]
[Termination "Izoria123 won by resignation"]

1. b4 e5 2. a3 d5 3. Bb2 Bd6 4. e3 Nf6 5. Nf3 Qe7 6. d4 e4 7.
Nfd2 Ng4 8. Qe2 c6 9. c4 Nxh2 10.
Rxh2 Bxh2 11. cxd5 Bd6 12. Nc3 f5 13. Nc4 O-O 14. Qh5 Nd7 15. dxc6 bxc6 16. Na5 Nf6 17. Bc4+ Be6 18. Qxf5 Bxc4 19. Nxc4 Rae8 20. O-O-O Bc7 21. Rh1 g6 22. Qh3 Qe6 23. Nd2 Qxh3 24. Rxh3 Ng4 25.
Ncxe4 Nxf2 26. Nxf2 Rxf2 0-1

[Event "*** Titled Tuesday 3|2 Blitz"]
[Site "Chess.com"]
[Date "2016.07.05"]
[Round "2"]
[White "Konavets"]
[Black "LonesomeGeorge1"]
[Result "1-0"]
[WhiteElo "2490"]
[BlackElo "2279"]
[TimeControl "180+2"]
[EndTime "17:20:27 PDT"]
[Termination "Konavets won by resignation"]

1. c4 Nf6 2. g3 g6 3. Bg2 Bg7 4. Nf3 O-O 5. O-O d6 6. Nc3 Nc6 7. d3 e5 8. Rb1 a5 9. a3 Nd4 10. Nd2 c6 11. e3 Nf5 12. b4 axb4 13. axb4 Be6 14. Bb2 Re8 15. b5 d5 16. Na4 Nd7 17. cxd5 cxd5 18. e4 dxe4 19. Nxe4 Nd4 20. Bxd4 exd4 21.
Nd6 Re7 22. Nxb7 Qb8 23. Nbc5 Ra5 24. Nxe6 Rxe6 25. Bh3 Rd6 26. Qb3 h5 27. Rfe1 Ne5 28. Bg2 Rf6 29. b6 Nf3+ 30. Bxf3 Rxf3 31. b7 Raf5 32. Re2 h4 33. Kg2 hxg3 34. hxg3 Be5 35. Qb5 Bxg3 36. Re8+ Kg7 37. Qxf5 gxf5 38. Rxb8 Rxf2+ 39. Kxg3 1-0

[Event "*** Titled Tuesday 3|2 Blitz"]
[Site "Chess.com"]
[Date "2016.07.05"]
[Round "2"]
[White "SidArun"]
[Black "Danhy"]
[Result "0-1"]
[WhiteElo "2071"]
[BlackElo "2398"]
[TimeControl "180+2"]
[EndTime "17:20:36 PDT"]
[Termination "Danhy won by resignation"]

1. d4 Nf6 2. Nf3 g6 3. g3 Bg7 4. Bg2 O-O 5. O-O d5 6. b3 c5 7. Bb2 cxd4 8. Bxd4 Nc6 9. Bb2 Qb6 10. e3 Bf5 11. a3 Rac8 12. Nc3 Rfd8 13. Ne2 e5 14. Nd2 Ng4 15. h3 Nxe3 16. fxe3 Qxe3+ 17. Kh2 Bxc2 18. Qxc2 Qxe2 19. Rae1 Qb5 20. Qd1 f5 21. Nf3 d4 22. b4 e4 23. Ng5 Qc4 24. Rf2 Ne5 0-1

[Event "*** Titled Tuesday 3|2 Blitz"]
[Site "Chess.com"]
[Date "2016.07.05"]
[Round "2"]
[White "ruifeng"]
[Black "dcremisi"]
[Result "0-1"]
[WhiteElo "2295"]
[BlackElo "2241"]
[TimeControl "180+2"]
[EndTime "17:20:38 PDT"]
[Termination "dcremisi won by resignation"]

1. e4 e6 2. Qe2 Be7 3. d3 d5 4. g3 b6 5. Bg2 dxe4 6. Qxe4 c6 7. Nf3 Nf6 8. Qe2 Bb7 9. O-O O-O 10. d4 c5 11. dxc5 Bxc5 12. Be3 Bxe3 13. Qxe3 Nd5 14. Qd2 Nc6 15. c4 Ndb4 16. Nc3 Qxd2 17. Nxd2 Na5 18. Bxb7 Nxb7 19. a3 Nd3 20. b4 Rac8 21. Rab1 Ne5 22. c5 bxc5 23. b5 Rfd8 24. Nb3 c4 25. Na1 Nf3+ 26. Kg2 Nd2 27. Nc2 Nxb1 28. Rxb1 Rd3 29. Ne4 Nd6 30. Nxd6 Rxd6 31. a4 Rd2 32. Ne3 c3 33. a5 Rb2 34. Rd1 Rxb5 35. a6 c2 36. Nxc2 Rd5 37. Rb1 h6 38. Ne3 Ra5 39. Rb7 Rxa6 40. Ng4 Ra1 41. Ne5 f6 42. Ng6 Rc2 43. Nf4 Raa2 44. Nxe6 Rxf2+ 45. Kh3 h5 46. g4 Rxh2+ 47.
Kg3 h4+ 48. Kf4 Rhf2+ 49. Ke4 Rae2+ 50. Kd5 Re5+ 51. Kd6 Rd2+ 0-1

[Event "*** Titled Tuesday 3|2 Blitz"]
[Site "Chess.com"]
[Date "2016.07.05"]
[Round "2"]
[White "Superfelix"]
[Black "BCNUM8"]
[Result "1-0"]
[WhiteElo "2337"]
[BlackElo "2125"]
[TimeControl "180+2"]
[EndTime "17:20:46 PDT"]
[Termination "Superfelix won on time"]

1. e4 Nc6 2. Nc3 d6 3. Nf3 Bg4 4. h3 Bh5 5. Be2 Nf6 6. d4 e6 7. Be3 Be7 8. d5 exd5 9. exd5 Nb8 10. Nd4 Bg6 11. Bf3 Nbd7 12. g4 Nc5 13. h4 h5 14.
g5 Nfe4 15. Nxe4 Nxe4 16. Qe2 Qd7 17. O-O-O Qa4 18. Kb1 O-O-O 19. Rd3 Nc5 20. Ra3 Qb4 21. Rxa7 Na4 22. Ra8+ Kd7 23. Qb5+ Qxb5 24. Rxd8+ Kxd8 25. Nxb5 Nc5 26. Bd4 f6 27. gxf6 gxf6 28. Re1 f5 29. Bxh8 1-0